 Dungeon Crawl Stone Soup version 0.26-a0-812-g31a745ddcd (webtiles) character file.

Game seed: 346959651549608499

28876 Arthanis the Cleaver (level 13, -22/88 HPs)
             Began as a Gargoyle Berserker on Nov 23, 2020.
             Was a High Priest of Trog.
             Annihilated by a large slime creature (29 damage)
             ... on level 13 of the Dungeon.
             The game lasted 00:18:01 (12805 turns).

Arthanis the Cleaver (Gargoyle Berserker)          Turns: 12805, Time: 00:18:02

Health: -22/88     AC: 28    Str: 21    XL:     13   Next: 41%
Magic:  5/13       EV:  8    Int: 15    God:    Trog [*****.]
Gold:   902        SH:  0    Dex: 14    Spells: 12/12 levels left

rFire    . . .     SeeInvis +   v - +2 battleaxe (elec)
rCold    . . .     Faith    .   (shield currently unavailable)
rNeg     + + .     Spirit   .   W - +0 plate armour of Maihud Cewki {Int+2 Dex+5}
rPois    ∞         Reflect  .   o - +0 helmet
rElec    +         Harm     .   P - +0 cloak
rCorr    .         Rampage  .   j - +0 pair of gloves
MR       ++...                  Q - +0 pair of boots
Stlth    ..........             f - amulet of the acrobat
HPRegen  1.24/turn              h - ring of see invisible
MPRegen  0.13/turn              F - ring of positive energy

@: berserk cooldown, regenerating, slowed, very slow
A: negative energy resistance 1, electricity resistance, unbreathing,
petrification resistance, rot immunity, AC +9
a: Berserk, Trog's Hand, Brothers in Arms, Renounce Religion


You were on level 13 of the Dungeon.
You worshipped Trog.
Trog was extremely pleased with you.
You visited 1 branch of the dungeon, and saw 13 of its levels.
You also visited: Ossuary.

You collected 1018 gold pieces.
You spent 116 gold pieces at shops.

Inventory:

Hand Weapons
 c - a +2 whip of flaming
 l - a +0 trident
 m - the +2 war axe "Leigg" {drain, rF+ Str+3}
   (You found it on level 8 of the Dungeon)

   A truly terrible weapon, it drains the life of those it strikes.
   It affects your strength (+3).
   It protects you from fire.
 r - a +0 dagger of electrocution
 v - a +2 battleaxe of electrocution (weapon)
 Y - a +1 battleaxe
Armour
 j - a +0 pair of gloves (worn)
 o - a +0 helmet (worn)
 J - a +2 chain mail of cold resistance
 P - a +0 cloak (worn)
 Q - a +0 pair of boots (worn)
 W - the +0 plate armour of Maihud Cewki (worn) {Int+2 Dex+5}
   (You took it off a vault guard on level 13 of the Dungeon)

   It affects your intelligence (+2).
   It affects your dexterity (+5).
Jewellery
 f - an amulet of the acrobat (around neck)
 h - a ring of see invisible (left hand)
 y - an uncursed ring of resist corrosion
 F - a ring of positive energy (right hand)
 N - an uncursed amulet of regeneration {unknown}
Wands
 p - a wand of polymorph (4)
 M - a wand of paralysis (11)
 O - a wand of flame (37)
 S - a wand of iceblast (1)
 U - a wand of enslavement (18)
Scrolls
 a - 2 scrolls of vulnerability {unknown}
 b - a scroll of magic mapping {unknown}
 d - 4 scrolls of teleportation
 e - 3 scrolls of blinking
 k - 3 scrolls of fog
 q - 6 scrolls of remove curse
 E - a scroll of summoning
 H - 8 scrolls of enchant armour
 K - a scroll of fear
 L - a scroll of immolation
 T - 2 scrolls of enchant weapon {unknown}
 V - a scroll of silence {unknown}
Potions
 g - 5 potions of flight
 i - 2 potions of heal wounds
 s - 3 potions of cancellation {unknown}
 t - a potion of might
 u - 2 potions of degeneration {unknown}
 x - 3 potions of ambrosia
 z - 3 potions of mutation {unknown}
 A - 7 potions of curing
 B - 5 potions of resistance {unknown}
 C - 2 potions of lignification {unknown}
 D - a potion of invisibility {unknown}
 G - a potion of berserk rage {unknown}
 I - 4 potions of brilliance {unknown}
 X - 5 potions of attraction {unknown}


   Skills:
 + Level 13.0 Fighting
 * Level 14.9 Axes
 - Level 8.0 Armour
 - Level 4.0 Dodging
 - Level 4.1 Evocations


You had 12 spell levels left.
You didn't know any spells.
Your spell library contained the following spells:

 Spells                   Type           Power        Failure   Level
 Apportation              Tloc           #.....       99%         1
 Poisonous Vapours        Pois/Air       #.....       100%        2
 Conjure Flame            Conj/Fire      #.......     100%        3
 Lesser Beckoning         Tloc           #.........   100%        3
 Mephitic Cloud           Conj/Pois/Air  #.......     100%        3
 Tukima's Dance           Hex            #.......     100%        3
 Alistair's Intoxication  Tmut/Pois      #........    100%        5
 Bolt of Magma            Conj/Fire/Erth #.........   100%        5
 Iskenderun's Battlesphe  Conj           #.......     100%        5
 Freezing Cloud           Conj/Ice/Air   #.........   100%        6
 Invisibility             Hex            #.......     100%        6
 Iron Shot                Conj/Erth      #.........   100%        6
 Orb of Destruction       Conj           #.........   100%        7
 Spellforged Servitor     Conj/Summ      #.........   100%        7


Dungeon Overview and Level Annotations

Branches:
Dungeon (13/15)            Temple (0/1) D:4            Lair (0/6) D:9
    Orc (0/2) D:12         Vaults (0/5) D:13        Ossuary (visited)

Altars:
Elyvilon
Nemelex Xobeh
Beogh

Shops:
D:4 (   D:7 [

Annotations:
D:8 Maurice


Innate Abilities, Weirdness & Mutations

You are resistant to torment.
Your stone body is resilient. (AC +9)
You are immune to poison.
You resist negative energy. (rN+)
You are resistant to electric shocks. (rElec)
You can survive without breathing.
You are immune to petrification.
You are immune to rotting.


Message History

The slime creature hits you!
You are too injured to fight recklessly!
You are too injured to fight recklessly!
You hit the large slime creature.
The large slime creature is severely wounded.
You slash the centaur warrior skeleton! You hit the slime creature.
The centaur warrior skeleton hits you but does no damage.
The large slime creature hits you!!
* * * LOW HITPOINT WARNING * * *
The slime creature hits you but does no damage.
The centaur warrior skeleton hits you but does no damage.
The large slime creature misses you.
Items here: )) [[[ †.
Your skin crawls.
You feel resistant to hostile enchantments.
The centaur warrior skeleton hits you but does no damage.
The slime creature hits you!
* * * LOW HITPOINT WARNING * * *
The large slime creature hits you!!
You die...

##.............# #....
.........##.^..##
#....
#.......##....(###....
#.......##.(..........
#........[............
#.......##....###.....
#.....).##....# ##....
#...)†).#.....# ####.
#...J@))........ ..
#.#.JZ........### # ..
#))###.###.## ## ...##
#.# #.# ..... .#
....... .# .......
....... .......


You could see a large slime creature, a slime creature and a centaur warrior
skeleton.

Vanquished Creatures
  Fannar (D:11)
  8 vault guards
  A hydra (D:11)
  A boulder beetle (D:12)
  3 two-headed ogres
  2 unseen horrors
  Pikel (D:8)
  2 manticores (D:12)
  2 cyclopes
  A deep elf mage (D:10)
  Joseph (D:7)
  A komodo dragon (D:9)
  A yaktaur (D:10)
  A troll (D:9)
  A troll (shapeshifter) (D:10)
  Prince Ribbit (D:6)
  3 hornets
  10 slime creatures
  3 shadows
  3 wraiths (D:11)
  3 humans
  A wyvern (D:8)
  17 yaks
  2 vampire mosquitoes (D:12)
  A naga (D:10)
  A soldier ant (D:12)
  A water moccasin (D:11)
  2 acid dragons
  8 sky beasts
  2 ice beasts
  10 orc warriors
  An eye of draining (D:13)
  A black bear (D:10)
  8 ogres
  4 phantoms
  5 centaurs
  A gnoll sergeant (D:9)
  5 bullfrogs
  12 scorpions
  2 wyvern skeletons (D:6)
  5 killer bees
  8 wights
  2 howler monkeys (D:8)
  A quasit (D:12)
  2 human zombies (Ossuary)
  5 centaur zombies
  2 bullfrog zombies
  5 bullfrog skeletons
  3 centaur skeletons
  3 hounds
  13 orc priests
  2 jellies
  16 orc wizards
  3 iguanas
  Natasha (thrice) (D:3)
  8 worker ants
  Terence (D:3)
  A big kobold zombie (Ossuary)
  A bullfrog simulacrum (D:12)
  3 mummies (Ossuary)
  A howler monkey skeleton (D:5)
  Robin (D:3)
  3 gnolls (D:9)
  20 adders
  A scorpion zombie (Ossuary)
  A shadow imp (D:10)
  2 white imps
  An ufetubus (D:9)
  3 oozes
  2 adder skeletons
  4 dart slugs
  4 leopard geckos
  77 orcs
  A ball python (D:4)
  9 giant cockroaches
  16 goblins
  7 hobgoblins
  14 jackals
  9 kobolds
  5 quokkas
  7 bats
  8 frilled lizards
  2 gnoll zombies (Ossuary)
  6 goblin zombies (Ossuary)
  3 hobgoblin zombies (Ossuary)
  3 kobold zombies (Ossuary)
  A leopard gecko skeleton (D:4)
  An orc zombie (Ossuary)
  A quokka skeleton (D:4)
  A quokka zombie (D:6)
  5 rats
440 creatures vanquished.

Vanquished Creatures (others)
  A human (D:13)
  13 plants (D:9)
14 creatures vanquished.

Grand Total: 454 creatures vanquished

Notes
Turn   | Place    | Note
-------+----------+-------------------------------------------
     0 | D:1      | Arthanis the Gargoyle Berserker began the quest for the
                  | Orb.
     0 | D:1      | Reached XP level 1. HP: 14/14 MP: 1/1
    49 | D:1      | Reached XP level 2. HP: 12/19 MP: 2/2
    49 | D:1      | Reached skill level 3 in Axes
   409 | D:1      | Reached XP level 3. HP: 23/23 MP: 3/3
   746 | D:1      | Reached ** piety under Trog
  1208 | D:2      | Reached XP level 4. HP: 29/29 MP: 4/4
  1740 | D:3      | Noticed Robin
  1742 | D:3      | Reached XP level 5. HP: 31/33 MP: 5/5
  1744 | D:3      | Noticed Natasha
  1748 | D:3      | Reached skill level 4 in Axes
  1759 | D:3      | Killed Natasha
  1760 | D:3      | Reached *** piety under Trog
  1769 | D:3      | Killed Robin
  2030 | D:3      | Noticed Terence
  2043 | D:3      | Killed Terence
  2043 | D:3      | Reached XP level 6. HP: 39/39 MP: 6/6
  2106 | D:3      | Noticed Natasha
  2116 | D:3      | Killed Natasha
  2217 | D:3      | Found a faded altar of an unknown god.
  2440 | D:3      | Noticed Natasha
  2449 | D:3      | Killed Natasha
  2464 | D:4      | Found a sand-covered staircase.
  2478 | Ossuary  | Entered an ossuary
  2496 | Ossuary  | Reached skill level 5 in Axes
  2541 | Ossuary  | Reached skill level 5 in Fighting
  2541 | Ossuary  | Reached XP level 7. HP: 31/44 MP: 7/7
  2850 | Ossuary  | Reached **** piety under Trog
  2923 | Ossuary  | Reached skill level 6 in Axes
  2989 | Ossuary  | Reached skill level 5 in Armour
  3007 | Ossuary  | Reached XP level 8. HP: 18/51 MP: 8/8
  3354 | D:4      | Found Lijaa's Weapon Shop.
  3418 | D:4      | Found a staircase to the Ecumenical Temple.
  3904 | D:5      | Entered Level 5 of the Dungeon
  4113 | D:5      | Reached skill level 7 in Axes
  4407 | D:5      | Reached skill level 8 in Axes
  4407 | D:5      | Reached XP level 9. HP: 57/57 MP: 9/9
  4866 | D:6      | Reached ***** piety under Trog
  5113 | D:6      | Found a white marble altar of Elyvilon.
  5366 | D:6      | Noticed Prince Ribbit
  5374 | D:6      | Killed Prince Ribbit
  5374 | D:6      | Reached skill level 9 in Axes
  5802 | D:7      | Noticed a hornet
  5810 | D:7      | Killed a hornet
  5844 | D:7      | Noticed an unseen horror
  5865 | D:7      | Killed an unseen horror
  5865 | D:7      | Reached skill level 10 in Axes
  5865 | D:7      | Reached XP level 10. HP: 52/65 MP: 10/10
  6287 | D:7      | Found Ygiqi's Armour Shop.
  6346 | D:7      | Noticed Joseph
  6360 | D:7      | Killed Joseph
  6452 | D:7      | Bought a +0 cloak for 58 gold pieces
  6452 | D:7      | Bought a +0 pair of boots for 58 gold pieces
  7051 | D:8      | Received a gift from Trog
  7197 | D:8      | Noticed Pikel
  7212 | D:8      | Killed Pikel
  7212 | D:8      | Reached skill level 11 in Axes
  7369 | D:8      | Found a runed translucent door.
  7703 | D:8      | Noticed Maurice
  7768 | D:8      | Found a roughly hewn altar of Beogh.
  7776 | D:8      | Got a masterwork war axe
  7786 | D:8      | Identified the cursed +2 war axe "Leigg" {drain, rF+ Str+3}
                  | (You found it on level 8 of the Dungeon)
  7870 | D:9      | Reached skill level 10 in Fighting
  7871 | D:9      | Noticed a two-headed ogre
  7887 | D:9      | Killed a two-headed ogre
  7887 | D:9      | Reached XP level 11. HP: 48/72 MP: 11/11
  8101 | D:9      | Reached skill level 12 in Axes
  8166 | D:9      | Found a staircase to the Lair.
  8778 | D:10     | Entered Level 10 of the Dungeon
  8793 | D:10     | Noticed Sonja
  8793 | D:10     | Noticed a cyclops
  8809 | D:10     | Noticed Sonja
  8809 | D:10     | Sonja changed into Sonja the naga
  8813 | D:10     | Killed Sonja the naga
  8813 | D:10     | Received a gift from Trog
  8818 | D:10     | Killed a cyclops
  8841 | D:10     | Identified the cursed +3 rapier "Killer Bee's Regret"
                  | {vorpal, Dex+2}
  9006 | D:10     | Found a runed translucent door.
  9357 | D:10     | Reached skill level 1 in Evocations
  9370 | D:10     | Found a runed translucent door.
  9605 | D:10     | Noticed a deep elf mage
  9611 | D:10     | Killed a deep elf mage
  9800 | D:11     | Reached skill level 13 in Axes
  9910 | D:11     | Found a sparkling altar of Nemelex Xobeh.
  9951 | D:11     | Reached XP level 12. HP: 79/80 MP: 12/12
  9978 | D:11     | Received a gift from Trog
 10153 | D:11     | Noticed a four-headed hydra
 10166 | D:11     | Killed a four-headed hydra
 10270 | D:11     | Noticed Fannar
 10292 | D:11     | Killed Fannar
 10691 | D:12     | Noticed a two-headed ogre
 10700 | D:12     | Killed a two-headed ogre
 10869 | D:12     | Noticed a two-headed ogre
 10874 | D:12     | Killed a two-headed ogre
 10999 | D:12     | Found a staircase to the Orcish Mines.
 11069 | D:12     | Got a crystal flail
 11899 | D:12     | Reached skill level 14 in Axes
 11903 | D:12     | Noticed a boulder beetle
 12153 | D:12     | Killed a boulder beetle
 12332 | D:13     | Noticed a vault guard
 12332 | D:13     | Noticed a vault guard
 12332 | D:13     | Noticed a vault guard
 12332 | D:13     | Noticed a vault guard
 12350 | D:12     | Killed a vault guard
 12350 | D:12     | Reached XP level 13. HP: 80/87 MP: 13/13
 12352 | D:12     | Killed a vault guard
 12537 | D:13     | Noticed a vault guard
 12543 | D:12     | Killed a vault guard
 12579 | D:13     | Noticed a vault guard
 12580 | D:13     | Noticed a vault guard
 12587 | D:13     | Killed a vault guard
 12597 | D:13     | Killed a vault guard
 12601 | D:13     | Killed a vault guard
 12633 | D:13     | Identified the +0 plate armour of Maihud Cewki {Int+2
                  | Dex+5}
 12633 | D:13     | Noticed a vault guard
 12666 | D:13     | Killed a vault guard
 12666 | D:13     | Killed a vault guard
 12707 | D:13     | Found a gate to the Vaults.
 12754 | D:13     | Identified the +5 flail "Igaug" {vorpal, rElec Str-3
                  | Stlth+} (You found it on level 12 of the Dungeon)
 12766 | D:13     | Received a gift from Trog
 12805 | D:13     | Annihilated by a large slime creature

Illustrated notes

Levels and vault maps discovered:
D:1:      scummos_arrival_star, layout_loops_ring
D:2:      layout_basic, kennysheep_generic_room_8
D:3:      layout_rooms, chequers_ecumenical_altar_twisty, uniq_natasha,
          uniq_terence, uniq_robin
D:4:      layout_cave_pools, minmay_temple_entry_glass,
          nicolae_ossuary_entry_monument, serial_shops, nicolae_shop_trees
D:5:      layout_gridville
D:6:      layout_loops_ring, elyvilon_altar_3, hangedman_minor_gate_pass,
          uniq_prince_ribbit1
D:7:      layout_basic, serial_shops, nicolae_shop_waterfront, uniq_joseph
D:8:      layout_basic, lightli_church_of_beogh, uniq_pikel, uniq_maurice
D:9:      layout_long_grid, david_lair_shrubbed, hangedman_decor_clover_reticule
D:10:     cheibrodos_histonic, layout_basic, uniq_sonja
D:11:     layout_basic, nemelex_xobeh_ov_fountains_minmay, uniq_fannar
D:12:     minmay_chambers_of_sixes, layout_loops_corners, orc_0_dummy
D:13:     layout_rooms, ximxim_vaults_locker_room, uniq_kirke

Skill      XL: |  1  2  3  4  5  6  7  8  9 10 11 12 13 |
---------------+----------------------------------------+-----
Axes           | 3 4 5 6 8 10 11 13 14 | 14.9
Dodging        | 2 4 |  4.0
Fighting       | 4 5 7 8 10 11 12 13 | 13.0
Armour         | 3 4 5 6 7 8 |  8.0
Evocations     | 3 4 |  4.1

Action                   |  1- 3 |  4- 6 |  7- 9 | 10-12 | 13-15 || total
-------------------------+-------+-------+-------+-------+-------++-------
Melee: Hand axe          |    90 |   132 |       |       |       ||   222
       Broad axe         |       |    29 |   313 |   220 |       ||   562
       War axe           |       |       |       |   504 |       ||   504
       Battleaxe         |       |       |       |    59 |    80 ||   139
       Whip              |       |       |       |    10 |       ||    10
Invok: Berserk           |     1 |     3 |     6 |    15 |     4 ||    29
       Trog's Hand       |       |       |       |     2 |     1 ||     3
Evoke: Wand              |       |       |       |     2 |       ||     2
  Use: Scroll            |       |       |    10 |     6 |     1 ||    17
 Stab: Sleeping          |     1 |       |       |       |       ||     1
Armor: Animal skin       |    40 |    38 |       |       |       ||    78
       Ring mail         |       |    42 |   166 |       |       ||   208
       Chain mail        |       |       |    28 |    42 |       ||    70
       Plate armour      |       |       |       |   528 |    63 ||   591
       Skin              |       |       |       |    18 |       ||    18
Dodge: Dodged            |    91 |   136 |   207 |   321 |    33 ||   788

Table legend: (Time is in decaauts)
 A = Elapsed time spent in this place.
 B = Non-inter-level travel time spent in this place.
 C = Inter-level travel time spent in this place.
 D = Time resting spent in this place.
 E = Time spent auto-exploring this place.
 F = Levels seen in this place.
 G = Mean time per level.
                   A        B        C        D        E       F      G
               +--------+--------+--------+--------+--------+-----+--------+
         Total |  13152 |  12786 |    366 |    567 |   9395 |  14 |  939.4 |
       Dungeon |  12469 |  12103 |    366 |    543 |   9012 |  13 |  959.2 |
       Ossuary |    683 |    683 |      0 |     24 |    383 |   1 |  683.0 |
               +--------+--------+--------+--------+--------+-----+--------+

Top non-repeatable levels by time:
    D:12: 1889 daAuts
     D:8: 1206 daAuts
     D:7: 1076 daAuts
    D:10: 1010 daAuts
     D:5: 985 daAuts
     D:9: 914 daAuts
    D:11: 895 daAuts
     D:1: 887 daAuts
     D:6: 849 daAuts
     D:4: 836 daAuts
     D:2: 834 daAuts
     D:3: 814 daAuts
 Ossuary: 683 daAuts
    D:13: 269 daAuts
